 Dungeon Crawl Stone Soup version 0.18-a0-1390-gc02854d (webtiles) character file.

171 M4edhros the Insei (level 5, 0/33 HPs)
             Began as an Octopode Artificer on Feb 23, 2016.
             Succumbed to a scorpion's poison
             ... on level 4 of the Dungeon.
             The game lasted 00:02:48 (3087 turns).

M4edhros the Insei (Octopode Artificer)             Turns: 3087, Time: 00:02:49

Health: 0/33       AC:  1    Str:  9 (10) XL:     5   Next: 51%
Magic:  7/7        EV: 12    Int: 14 (16) God:
Gold:   138        SH:  0    Dex:  9 (12) Spells: 0 memorised, 4 levels left

rFire  . . .     SeeInvis .       - Unarmed
rCold  . . .     Gourm    .     (no shield)
rNeg   . . .     Faith    .     (helmet restricted)
rPois  .         Spirit   .     (no amulet)
rElec  .         Dismiss  .     m - ring of protection from magic
rCorr  .         Reflect  .     (no ring)
SustAt .         Harm     .     (no ring)
MR     +....                    (no ring)
Stlth  +++.......               (no ring)
                                (no ring)
                                (no ring)
                                (no ring)

@: lethally poisoned (0 -> -11), flying, very slightly contaminated, hasted,
very quick, somewhat resistant to hostile enchantments, fairly stealthy
A: almost no armour, amphibious, 8 rings, constrict 8, camouflage 1, gelatinous
body 1
a: no special abilities


You were on level 4 of the Dungeon.
You were not hungry.

You visited 1 branch of the dungeon, and saw 4 of its levels.

You collected 138 gold pieces.

Inventory:

Missiles
 l - 4 javelins (quivered)
Jewellery
 m - a ring of protection from magic (left tentacle)
Wands
 b - a wand of flame (15/48)
 c - a wand of enslavement (15/24)
 d - a wand of random effects (15/48)
Scrolls
 a - 4 scrolls of remove curse {unknown}
 e - 3 scrolls of identify {unknown}
 h - a scroll of blinking {unknown}
 i - a scroll of recharging {unknown}
 k - 5 scrolls of teleportation {unknown}
 p - a scroll of immolation {unknown}
 q - 2 scrolls of amnesia {unknown}
 r - a scroll of random uselessness {unknown}
Potions
 u - a potion of flight
Comestibles
 f - 2 bread rations
 n - 5 fruits
 o - a meat ration
 t - a beef jerky


   Skills:
 - Level 1.0 Fighting
   Level 1.0 Short Blades
 - Level 2.0 Dodging
 - Level 1.3 Stealth
 + Level 5.0 Unarmed Combat
 - Level 3.2 Evocations


You had 4 spell levels left.
You didn't know any spells.

Dungeon Overview and Level Annotations

Branches:
Dungeon (4/15)
 Temple: D:4-7

Altars:
Elyvilon
Makhleb
Sif Muna
Trog
Yredelemnul


Innate Abilities, Weirdness & Mutations

You cannot wear most types of armour.
You are amphibious.
You can wear up to eight rings at the same time.
You can use your tentacles to constrict eight enemies at once.
Your skin changes colour to match your surroundings (Stealth).
Your rubbery body absorbs attacks (AC +1).


Message History

You feel sick.
Drink which item? (? for menu, Esc to quit)
Okay, then.
Read which item? (? for menu, Esc to quit)
Okay, then.
Sorry, you're not good enough to have a special ability.
There is a lethal amount of poison in your body!
There is a lethal amount of poison in your body!
There is a lethal amount of poison in your body!
* * * LOW HITPOINT WARNING * * *
You feel sick.
* * * LOW HITPOINT WARNING * * *
You feel sick.
* * * LOW HITPOINT WARNING * * *
You feel sick.
* * * LOW HITPOINT WARNING * * *
You feel sick.
* * * LOW HITPOINT WARNING * * *
You feel sick.
You die...

......#........#
#..... #........#
+... #........# ..
#).####### ..#
##..###...###..#
#....'.........#
#....#.........#
#....#.........#
#....#.@.......#
#...####+#######
#...###..s###..##..#
....#...w..........#
.....#..............#
#..............#
##.##.###..##... #.
#.# ..# .. .. #..
.... #


There were no monsters in sight!

Vanquished Creatures
  An orc priest (D:3)
  An orc wizard (D:3)
  4 adders
  A worm (D:2)
  3 dart slugs (D:2)
  A giant gecko (D:2)
  2 orcs (D:3)
  8 giant cockroaches
  2 goblins
  11 hobgoblins
  6 jackals
  A quokka (D:3)
  A ball python (D:3)
  A bat (D:3)
  4 giant newts
  8 kobolds
  10 rats
65 creatures vanquished.

Notes
Turn   | Place    | Note
--------------------------------------------------------------
     0 | D:1      | M4edhros the Octopode Artificer began the quest for the Orb.
     0 | D:1      | Reached XP level 1. HP: 13/13 MP: 3/3
    63 | D:1      | Reached skill level 1 in Unarmed Combat
   247 | D:1      | Reached XP level 2. HP: 12/18 MP: 4/4
   615 | D:1      | Reached skill level 2 in Unarmed Combat
  1136 | D:1      | Reached XP level 3. HP: 19/23 MP: 5/5
  1439 | D:2      | Reached skill level 3 in Unarmed Combat
  1640 | D:2      | Found a faded altar to an unknown god.
  1753 | D:2      | Reached XP level 4. HP: 24/28 MP: 6/6
  2007 | D:3      | Found a deep blue altar of Sif Muna.
  2059 | D:3      | Found a burning altar of Makhleb.
  2194 | D:3      | Reached skill level 4 in Unarmed Combat
  2213 | D:3      | Reached XP level 5. HP: 20/33 MP: 7/7
  2466 | D:3      | Found a white marble altar of Elyvilon.
  2616 | D:3      | Found a basalt altar of Yredelemnul.
  2660 | D:3      | Found a bloodstained altar of Trog.
  3044 | D:4      | Reached skill level 5 in Unarmed Combat
  3085 | D:4      | HP: 1/33 [poisoned by a scorpion]
  3087 | D:4      | Succumbed to a scorpion's poison

Vault maps used:
D:1:      saegor_arrival_simple_f
D:2:      ecumenical_altar_2
D:3:      kennysheep_ying_yang, marbit_many_paths, lemuel_round_altar,
          lemuel_round_altar
D:4:      dk_rats_in_the_wall, uniq_eustachio, uniq_robin

Skill      XL: |  1  2  3  4  5 |
---------------+----------------+-----
Unarmed Combat | 1 2 3 4 5 |  5.0
Fighting       | |  1.0
Short Blades   | |  1.0
Dodging        | |  2.0
Stealth        | |  1.3
Evocations     | |  3.2

Action                   |  1- 3 |  4- 6 || total
-------------------------+-------+-------++-------
Melee: Unarmed           |    82 |    79 ||   161
  Use: Potion            |       |     3 ||     3
 Stab: Sleeping          |     8 |     6 ||    14
  Eat: Chunk             |     3 |     4 ||     7
